 Dungeon Crawl Stone Soup version 0.28.0-53-g5a82cb258f (webtiles) character file.

Game seed: 13402944190266654160

24065 DocClef the Blocker (level 12, -11/102 HPs)
             Began as a Black Draconian Fighter on June 15, 2022.
             Was a High Priest of Okawaru.
             Mangled by a skeletal warrior
             ... wielding a +0 long sword
             ... led by a skeletal warrior
              (19 damage)
             ... on level 11 of the Dungeon.
             The game lasted 00:19:54 (15441 turns).

DocClef the Blocker (Black Draconian Fighter)      Turns: 15441, Time: 00:19:55

Health: -11/102    AC: 12    Str: 22    XL:     12   Next: 77%
Magic:  12/19      EV: 29    Int:  9    God:    Okawaru [*****.]
Gold:   876        SH: 11    Dex: 30    Spells: 11/11 levels left

rFire   + + .      SeeInvis .   y - +7 hand axe of Tymaf {holy, rF+ Dex+4}
rCold   . . .      Faith    .   b - +1 buckler
rNeg    . . .      Spirit   .   (armour unavailable)
rPois   .          Reflect  .   j - +2 hat
rElec   +          Harm     .   E - scarf {shadows}
rCorr   +          Rampage  .   d - +0 pair of gloves of Amelioration {rElec rF+ rCorr Dex+8}
Will    .....                   h - +0 pair of boots
Stlth   ++++......              (no amulet)
HPRegen 0.27/turn               l - +6 ring of dexterity
MPRegen 0.16/turn               B - +4 ring of slaying

@: heroic, finesse-ful
A: breathe lightning, AC +8, unfitting armour, electricity resistance,
cold-blooded
a: Breathe Lightning, Renounce Religion, Heroism, Finesse, Duel


You were on level 11 of the Dungeon.
You worshipped Okawaru.
Okawaru was extremely pleased with you.
You visited 3 branches of the dungeon, and saw 13 of its levels.

You collected 876 gold pieces.

Inventory:

Hand Weapons
 y - the +7 hand axe of Tymaf (weapon) {holy, rF+ Dex+4}
   (You found it on level 6 of the Dungeon)

   It has been blessed by the Shining One to cause great damage to the undead
   and demons.
   Dex:       It affects your dexterity (+4).
   rF:        It protects you from fire.
 C - a +9 lajatang
Armour
 b - a +1 buckler (worn)
 d - the +0 pair of gloves of Amelioration (worn) {rElec rF+ rCorr Dex+8}
   (Okawaru gifted it to you on level 9 of the Dungeon)

   Dex:       It affects your dexterity (+8).
   rF:        It protects you from fire.
   rElec:     It insulates you from electricity.
   rCorr:     It protects you from acid and corrosion.
 h - a +0 pair of boots (worn)
 j - a +2 hat (worn)
 E - a scarf of shadows (worn)
Jewellery
 l - a +6 ring of dexterity (left hand)
 x - a +6 ring of intelligence
 B - a +4 ring of slaying (right hand)
 F - a ring of poison resistance
Wands
 m - a wand of iceblast (12)
 D - a wand of polymorph (7)
Scrolls
 a - a scroll of blinking
 e - a scroll of identify
 g - 2 scrolls of magic mapping
 i - 3 scrolls of teleportation
 q - 2 scrolls of vulnerability
 r - a scroll of silence
 u - a scroll of amnesia
 w - a scroll of fog
 z - a scroll of immolation {unknown}
Potions
 c - 2 potions of might
 f - a potion of haste
 k - 8 potions of curing
 n - 4 potions of attraction
 o - 3 potions of brilliance
 s - a potion of mutation
 t - a potion of ambrosia
 v - a potion of flight
 A - 3 potions of berserk rage


   Skills:
 + Level 8.3(13.3) Fighting
 - Level 10.2(15.2) Axes
 - Level 10.1(15.1) Dodging
 - Level 12.0(17.0) Shields
 - Level 10.4 Invocations


You had 11 spell levels left.
You didn't know any spells.
Your spell library contained the following spells:

 Spells                   Type           Power      Damage    Failure   Level
 Apportation              Tloc           0%         N/A       41%         1
 Slow                     Hex            0%         N/A       41%         1
 Static Discharge         Conj/Air       0%         N/A       56%         2
 Confusing Touch          Hex            0%         N/A       80%         3
 Dazzling Flash           Conj/Hex       0%         N/A       80%         3
 Gell's Gravitas          Tloc           0%         N/A       80%         3
 Inner Flame              Hex/Fire       0%         N/A       80%         3
 Lesser Beckoning         Tloc           0%         N/A       80%         3
 Teleport Other           Tloc           0%         N/A       80%         3
 Vampiric Draining        Necr           0%         2d6       80%         3
 Cause Fear               Hex            0%         N/A       99%         4
 Dispel Undead            Necr           0%         3d6       99%         4
 Iskenderun's Mystic Bla  Conj/Tloc      0%         2d3       99%         4
 Sticky Flame             Conj/Fire      0%         2d3       99%         4
 Dispersal                Tloc           0%         N/A       100%        6
 Starburst                Conj/Fire      0%         6d3       100%        6
 Dragon Form              Tmut           0%         N/A       100%        7
 Discord                  Hex            0%         N/A       100%        8
 Animate Skeleton         Necr           Unusable   N/A       N/A         1
 Summon Small Mammal      Summ           Unusable   N/A       N/A         1
 Dragon's Call            Summ           Unusable   N/A       N/A         9

Dungeon Overview and Level Annotations

Branches:
Dungeon (11/15)            Temple (1/1) D:6            Lair (1/6) D:9
    Orc (0/2) D:10

Altars:
Ashenzari
Cheibriados
Dithmenos
Elyvilon
Fedhas
Gozag
Hepliaklqana
Kikubaaqudgha
Makhleb
Nemelex Xobeh
Okawaru
Qazlal
Ru
Sif Muna
Trog
Uskayaw
Vehumet
Wu Jian
Xom
Yredelemnul
Zin
The Shining One
Beogh

Shops:
D:1 *

Annotations:
D:6 2 transporters


Innate Abilities, Weirdness & Mutations

You can breathe wild blasts of lightning.
Your glossy black scales are hard. (AC +8)
You cannot fit into any form of body armour.
You are resistant to electric shocks. (rElec)
You are cold-blooded and may be slowed by cold attacks.


Message History

You are too injured to fight recklessly!
You are too injured to fight recklessly!
You are too injured to fight recklessly!
You are too injured to fight recklessly!
You hit the skeletal warrior but do no damage.
The skeletal warrior is heavily damaged.
You hit the skeletal warrior.
The skeletal warrior convulses.
You hit the skeletal warrior but do no damage.
You tail-slap the skeletal warrior.
The skeletal warrior is heavily damaged.
You hit the skeletal warrior.
The skeletal warrior convulses.
The skeletal warrior completely misses you. x2
You hit the skeletal warrior but do no damage.
You tail-slap the skeletal warrior.
The skeletal warrior is heavily damaged.
You slash the skeletal warrior!
The skeletal warrior convulses!
You hit the skeletal warrior but do no damage.
The skeletal warrior is heavily damaged.
You hit the skeletal warrior but do no damage.
The skeletal warrior completely misses you.
The skeletal warrior hits you with a +0 scimitar!!
* * * LOW HITPOINT WARNING * * *
You feel much better.
The skeletal warrior hits you with a +0 long sword!
* * * LOW HITPOINT WARNING * * *
The skeletal warrior completely misses you.
You can now deal lightning-fast blows.
The skeletal warrior hits you with a +0 long sword!
* * * LOW HITPOINT WARNING * * *
The skeletal warrior closely misses you.
You barely miss the skeletal warrior.
The skeletal warrior is heavily damaged.
You hit the skeletal warrior but do no damage.
Unknown command.
You slash the skeletal warrior!
The skeletal warrior convulses.
You tail-slap the skeletal warrior, but do no damage.
The skeletal warrior is almost destroyed.
You hit the skeletal warrior but do no damage.
The skeletal warrior hits you with a +0 long sword!!
You die...

≈.≈.≈..≈≈...^..≈P≈.............##
≈≈≈≈P†≈≈P.≈≈.≈P≈≈......≈.......##
≈≈≈≈≈≈≈≈≈≈≈≈≈≈≈≈≈≈≈≈≈≈≈≈≈........
≈≈≈≈≈≈≈≈≈≈≈≈≈≈≈≈≈≈≈≈≈≈≈≈≈≈...#...
.≈≈P≈≈P≈≈≈PP≈≈≈≈≈≈≈≈≈≈≈P≈≈≈≈.....
..≈..≈≈PP.≈≈..≈P≈≈≈≈≈≈≈≈≈≈≈......
...............P..≈P≈≈≈≈≈≈≈≈..(..
......#....≈≈.≈≈PP≈≈≈P.P..#
.#.##.....@z..≈≈.≈≈≈≈≈≈.... ##
#......z.......≈≈≈≈≈...
#................zz≈≈P≈≈
......!..........≈.≈≈≈≈≈.
.....########.. ..#≈≈≈## ..... .
..##≈≈ # ... #≈≈ # # #


You could see 2 skeletal warriors.

Vanquished Creatures
  Josephine (D:11)
  A hydra (D:8)
  A boulder beetle (D:8)
  Urug (D:10)
  4 two-headed ogres
  Sonja (D:10)
  Pikel (D:5)
  A necromancer (D:11)
  An ugly thing (D:11)
  Joseph (D:7)
  2 gargoyles
  Psyche (D:8)
  2 trolls
  Grinder (D:5)
  A meliai zombie (D:11)
  4 flying skulls (D:11)
  Sigmund (D:6)
  4 shadows
  6 yaks
  A wyvern (D:8)
  A water elemental (D:11)
  5 wraiths (D:11)
  Eustachio (D:5)
  3 steam dragons
  Grum (D:10)
  4 acid dragons
  Duvessa (D:5)
  7 water moccasins
  The ghost of trickyswaf the Magician, an amateur DEFE (D:4)
  A swamp drake (D:10)
  5 orc warriors
  4 black bears
  A hornet zombie (D:6)
  4 wolves (D:10)
  3 ice beasts
  3 ogres
  8 centaurs
  2 lemures (D:5)
  A phantom (D:6)
  4 kobold brigands
  6 bullfrogs
  2 scorpions
  5 gnoll sergeants
  2 water moccasin zombies
  A water moccasin skeleton (D:2)
  A wyvern skeleton (D:7)
  Dowan (D:5)
  12 killer bees
  6 wights
  4 electric eels (D:11)
  3 howler monkeys (D:8)
  8 centaur zombies
  A bullfrog zombie (D:5)
  9 centaur skeletons
  6 orc priests
  2 bullfrog skeletons
  3 hounds
  2 jellies (D:5)
  Ijyb (D:3)
  5 iguanas
  8 orc wizards
  2 hound skeletons
  3 howler monkey zombies
  Robin (D:3)
  15 gnolls
  2 howler monkey skeletons
  6 adders
  A white imp (D:8)
  An ufetubus (D:4)
  A worm (D:4)
  3 dart slugs
  40 orcs
  5 ball pythons
  10 endoplasms
  A giant cockroach (D:4)
  17 goblins
  13 hobgoblins
  6 jackals
  5 quokkas
  3 bats
  5 frilled lizards
  24 kobolds
  3 rats
351 creatures vanquished.

Vanquished Creatures (others)
  A sky beast (D:8)
  An orc (D:10)
  35 fungi (D:9)
  52 plants
89 creatures vanquished.

Grand Total: 440 creatures vanquished

Notes
Turn   | Place    | Note
-------+----------+-------------------------------------------
     0 | D:1      | DocClef the Draconian Fighter began the quest for the Orb.
     0 | D:1      | Reached XP level 1. HP: 19/19 MP: 1/1
   342 | D:1      | Reached XP level 2. HP: 25/27 MP: 2/2
   813 | D:1      | Found Innez's Assorted Antiques.
   890 | D:1      | Reached XP level 3. HP: 34/34 MP: 3/3
  1252 | D:2      | Reached skill level 5 in Fighting
  1436 | D:2      | Identified the +0 ring mail "Siewep" {Rampage rElec}
  1518 | D:2      | Reached XP level 4. HP: 21/42 MP: 4/4
  1933 | D:3      | Noticed Ijyb
  1942 | D:3      | Killed Ijyb
  1943 | D:3      | Reached XP level 5. HP: 43/51 MP: 5/5
  2060 | D:3      | Noticed Robin
  2072 | D:3      | Killed Robin
  2801 | D:4      | Reached XP level 6. HP: 52/60 MP: 6/6
  3020 | D:4      | Found a runed translucent gate.
  3021 | D:4      | Noticed trickyswaf's ghost (amateur DEFE)
  3029 | D:4      | Found a runed translucent gate.
  3029 | D:4      | Found a runed translucent gate.
  3032 | D:4      | Identified the +1 scale mail "Tymu" {rCorr Dex+2}
  3051 | D:4      | Found a hazy altar of Hepliaklqana.
  3581 | D:4      | Found an iron altar of Okawaru.
  3582 | D:4      | Found an opulent altar of Gozag.
  3601 | D:4      | Became a worshipper of Warmaster Okawaru
  3826 | D:5      | Entered Level 5 of the Dungeon
  4044 | D:5      | Noticed Dowan
  4048 | D:5      | Noticed Duvessa
  4063 | D:6      | Noticed Sigmund
  4244 | D:5      | Your scales start taking on a glossy black colour.
  4244 | D:5      | Reached XP level 7. HP: 65/68 MP: 7/7
  4244 | D:5      | Gained mutation: You are resistant to electric shocks.
                  | (rElec) [Black Draconian growth]
  4274 | D:5      | Noticed Pikel
  4276 | D:5      | Noticed Grinder
  4277 | D:5      | Killed Duvessa
  4277 | D:5      | Killed Dowan
  4289 | D:5      | Killed Pikel
  4289 | D:5      | Reached * piety under Okawaru
  4289 | D:5      | Reached ** piety under Okawaru
  4290 | D:5      | Reached XP level 8. HP: 51/74 MP: 8/8
  4298 | D:5      | Paralysed by Grinder for 5 turns
  4321 | D:5      | Paralysed by Grinder for 5 turns
  4327 | D:5      | Killed Grinder
  4648 | D:5      | Noticed Eustachio
  4668 | D:5      | Killed Eustachio
  5970 | D:6      | Found a transporter.
  5973 | D:6      | Found a transporter.
  6194 | D:6      | Killed Sigmund
  6195 | D:6      | Reached XP level 9. HP: 81/81 MP: 9/9
  6224 | D:6      | Reached skill level 10 in Axes
  6373 | D:6      | Found a staircase to the Ecumenical Temple.
  6439 | Temple   | Entered the Ecumenical Temple
  6865 | D:6      | Identified the +7 hand axe of Tymaf {holy, rF+ Dex+4}
  6998 | D:6      | Noticed a two-headed ogre
  7007 | D:6      | Killed a two-headed ogre
  7007 | D:6      | Reached *** piety under Okawaru
  7008 | D:6      | Reached skill level 5 in Dodging
  7395 | D:7      | Noticed Joseph
  7416 | D:7      | Killed Joseph
  7416 | D:7      | Reached **** piety under Okawaru
  7568 | D:7      | Reached XP level 10. HP: 83/88 MP: 10/10
  8428 | D:4      | Killed trickyswaf's ghost
  8647 | D:8      | Noticed a gargoyle
  8659 | D:8      | Killed a gargoyle
  8885 | D:8      | Noticed a four-headed hydra
  8893 | D:8      | Killed a four-headed hydra
  9057 | D:8      | Found a blossoming altar of Fedhas.
  9346 | D:8      | Noticed Psyche
  9955 | D:8      | Killed Psyche
  9955 | D:8      | Reached ***** piety under Okawaru
  9956 | D:8      | Reached skill level 10 in Dodging
 10151 | D:8      | Reached skill level 4 in Shields
 10483 | D:8      | Reached skill level 5 in Shields
 10665 | D:8      | Reached skill level 6 in Shields
 10754 | D:8      | Noticed a boulder beetle
 10774 | D:8      | HP: 2/88 [boulder beetle (10)]
 10775 | D:8      | Killed a boulder beetle
 10775 | D:8      | Received a gift from Okawaru
 10776 | D:8      | Reached XP level 11. HP: 3/94 MP: 9/11
 10786 | D:8      | Reached skill level 7 in Shields
 11187 | D:9      | Noticed a five-headed hydra
 11216 | D:9      | Noticed a two-headed ogre
 11234 | D:9      | Noticed a two-headed ogre
 11547 | D:8      | Killed a two-headed ogre
 11548 | D:8      | Reached skill level 8 in Shields
 12530 | D:9      | Identified the +0 pair of gloves of Amelioration {rElec rF+
                  | rCorr Dex+8} (Okawaru gifted it to you on level 9 of the
                  | Dungeon)
 12530 | D:9      | Received a gift from Okawaru
 12683 | D:9      | Reached skill level 9 in Shields
 12783 | D:9      | Found a staircase to the Lair.
 12850 | D:9      | Killed a two-headed ogre
 13656 | Lair:1   | Entered Level 1 of the Lair of Beasts
 13656 | Lair:1   | Noticed a four-headed hydra
 13689 | D:10     | Entered Level 10 of the Dungeon
 13699 | D:10     | Reached skill level 10 in Shields
 13724 | D:10     | Found a staircase to the Orcish Mines.
 13749 | D:10     | Noticed Sonja
 13762 | D:10     | Killed Sonja
 13887 | D:10     | Noticed Grum
 13887 | D:10     | Noticed Urug
 13908 | D:10     | Killed Urug
 13909 | D:10     | Reached skill level 11 in Shields
 13918 | D:10     | Killed Grum
 14603 | D:11     | Reached skill level 12 in Shields
 14603 | D:11     | Reached XP level 12. HP: 101/101 MP: 9/12
 14693 | D:11     | Noticed a two-headed ogre
 14700 | D:11     | Reached skill level 1 in Invocations
 14708 | D:11     | Killed a two-headed ogre
 15029 | D:11     | Identified the -6 kite shield "Zaonkot" {Rampage Int+3
                  | Dex+3} (Okawaru gifted it to you on level 11 of the
                  | Dungeon)
 15029 | D:11     | Received a gift from Okawaru
 15029 | D:11     | Noticed Josephine
 15030 | D:11     | Reached skill level 5 in Invocations
 15052 | D:11     | Killed Josephine
 15106 | D:11     | Reached skill level 10 in Invocations
 15437 | D:11     | HP: 5/102 [skeletal warrior/+0 scimitar (19)]
 15441 | D:11     | Mangled by a skeletal warrior

Illustrated notes

Levels and vault maps discovered:
D:1:      minmay_arrival_loop, layout_basic, serial_shops, nicolae_square_shop,
          minmay_misc_feat_ornament, nrook_mini_vaults, minmay_pentomino_v2
D:2:      layout_rooms, eino_curves_01
D:3:      layout_rooms, uniq_ijyb, uniq_robin
D:4:      layout_loops_ring, nicolae_hepliaklqana_hazy_memory,
          grunt_temple_overflow_open, biasface_ghost_orc_armoury
D:5:      layout_basic, uniq_pikel, uniq_duvessa, uniq_eustachio, uniq_grinder
D:6:      minmay_opposing_rooms, layout_basic, minmay_temple_entry_overgrown,
          gammafunk_ghost_hive, uniq_sigmund
D:7:      layout_basic, uniq_joseph
D:8:      kennysheep_windowed_halls, layout_layer_cave, lemuel_doored_altar,
          uniq_psyche
D:9:      layout_basic, due_lair_maze_entry_diamond, minmay_alternating_orb
D:10:     layout_cave_pools, erik_orc_1, uniq_urug, uniq_grum, uniq_sonja
D:11:     hangedman_screamer, layout_cave_pools, special_room
          [special_room_bee], chequers_big_river
Temple:   compressed_dpeg_circular_temple
Lair:1:   layout_roguey, st_stairs_10, guppyfry_lair_drakes, lemuel_fruit_tree,
          serial_bayou_shore_a

Skill      XL: |  1  2  3  4  5  6  7  8  9 10 11 12 |
---------------+-------------------------------------+-----
Fighting       | 4 5 6 7 8 |  8.3
Axes           | 3 7 9 10 | 10.2
Dodging        | 7 10 | 10.1
Shields        | 6 12 | 12.0
Invocations    | 10 | 10.4

Action                   |  1- 3 |  4- 6 |  7- 9 | 10-12 || total
-------------------------+-------+-------+-------+-------++-------
Melee: War axe           |    96 |   165 |   102 |       ||   363
       Tailslap          |     4 |    22 |    19 |   100 ||   145
       Hand axe          |       |       |    65 |   552 ||   617
       Unarmed           |       |       |       |    13 ||    13
Invok: Heroism           |       |       |     2 |     9 ||    11
       Finesse           |       |       |       |     3 ||     3
 Abil: Breathe Lightning |       |       |     8 |     6 ||    14
Evoke: Wand              |       |       |       |    15 ||    15
  Use: Potion            |       |       |     1 |     5 ||     6
       Scroll            |       |       |       |    23 ||    23
 Stab: Invisible         |       |       |     3 |     1 ||     4
       Sleeping          |       |       |     4 |     2 ||     6
       Distracted        |       |       |     1 |     2 ||     3
       Confused          |       |       |       |     1 ||     1
Armor: Skin              |    32 |    96 |    33 |    76 ||   237
Dodge: Dodged            |    58 |   139 |    78 |   452 ||   727
Block: Buckler           |    26 |    47 |    36 |   248 ||   357
